Map: Acropolis LE

Players

Worrior - Winner!

  • Race: Terran Terran
  • Spawn Location: 11:00

Djorn

  • Race: Protoss Protoss
  • Spawn Location: 5:00

VOD

Have the link to the VOD?

Description

Time

  • Played on: Aug. 23, 2019, 11:05 p.m.
  • Length: 4:02
Show
View Real Time Build Order
Export as new Build Order

Worrior Terran - Winner!

Build Orders:  

Get SALT Encoding   

  12  0:01  SCV  
  13  0:16  Supply Depot  
  13  0:19  SCV  
  14  0:31  SCV  
  15  0:49  Barracks, SCV  
  16  0:57  Supply Depot  
  16  1:14  Barracks  
  16  1:20  Barracks  
  16  1:38  Refinery, Marine  
  17  1:45  Bunker  
  17  1:56  Marine  
  17  2:00  Supply Depot  
  18  2:03  Marine  
  19  2:11  Orbital Command  
  19  2:15  Marine  
  20  2:19  Marine  
  21  2:28  Marine  
  22  2:36  Marine  
  23  2:50  Marine x2  
  24  2:56  Marine  
  24  3:08  Marine x2  
  24  3:12  Bunker  
  26  3:14  Marine  
  27  3:25  Marine  
  27  3:26  Marine  
  28  3:32  Marine  
  29  3:43  Marine x2  
Show
View Real Time Build Order
Export as new Build Order

Djorn Protoss 

Build Orders:  

Get SALT Encoding   

  12  0:01  Probe  
  13  0:13  Probe  
  14  0:22  Pylon  
  14  0:32  Probe  
  15  0:47  Probe  
  15  0:48  Gateway  
  15  0:56  Probe  
  16  0:57  Assimilator  
  17  1:05  Probe  
  18  1:14  Gateway  
  18  1:17  Pylon, Probe  
  19  1:29  Probe  
  20  1:41  Cybernetics Core, Probe  
  21  1:49  Zealot  
  21  1:54  Probe  
  24  2:01  Pylon  
  24  2:04  Assimilator  
  24  2:11  Zealot  
  26  2:22  Gateway  
  26  2:25  Gateway  
  26  2:34  Probe  
  27  2:46  Adept  
  29  2:58  Adept  
  27  3:12  Adept  
  29  3:22  Adept  
Tags
 
Matchup
PvT
Replay Pack
sc2replays
Spawn Locations
Cross Positions
Add a new tag
Caveats
  • Supply blocks, unpowered buildings, or Contaminate may cause inaccurate times.
  • Supply counts are checked every 10 seconds.